 Dungeon Crawl Stone Soup version 0.31.0-9-g3a7656b989 (webtiles) character file.

Game seed: 5754198851828199111

316 dialectric the Changeling (level 6, -9/57 HPs)
             Began as a Troll Shapeshifter on Jan 24, 2024.
             Shot with an arrow by a centaur (17 damage)
             ... on level 5 of the Dungeon.
             The game lasted 00:04:16 (2977 turns).

dialectric the Changeling (Troll Shapeshifter)      Turns: 2977, Time: 00:04:17

Health: -9/57      AC:  4    Str: 25    XL:     6   Next: 20%
Magic:  5/5        EV: 10    Int:  6    God:
Gold:   151        SH:  0    Dex:  9    Spells: 5/5 levels left

rFire   . . .        x - +2 mace (protect)
rCold   . . .        (no shield)
rNeg    . . .        a - +0 animal skin
rPois   .            (helmet currently unavailable)
rElec   .            (cloak currently unavailable)
rCorr   .            (gloves unavailable)
SInv    .            (boots unavailable)
Will    .....        (no amulet)
Stlth   +            (no ring)
HPRegen 1.09/turn    (no ring)
MPRegen 0.09/turn

%: no passive effects
@: lethally poisoned (-9 -> -9), beast-form
A: beast (slay +2), large, unfitting armour, claws 3, regeneration 1, shaggy fur
1, tough skin 1
a: Begin Untransformation


You were on level 5 of the Dungeon.
You were a hulking beast.
You visited 2 branches of the dungeon, and saw 6 of its levels.

You collected 151 gold pieces.

Inventory:

Hand Weapons
 x - a +2 mace of protection (weapon)
Armour
 a - a +0 animal skin (worn)
 l - a +0 cloak
Jewellery
 g - a ring of protection from fire
 s - a +4 ring of slaying
 C - a +6 ring of intelligence
Talismans
 c - a beast talisman
 d - a flux talisman
Wands
 n - a wand of charming (5)
 p - a wand of mindburst (25)
 v - a wand of flame (17)
 w - a wand of digging (3)
 A - a wand of quicksilver (10)
Scrolls
 e - 3 scrolls of poison {unknown}
 h - 10 scrolls of identify {unknown}
 i - 3 scrolls of revelation {unknown}
 m - 3 scrolls of teleportation {unknown}
 r - a scroll of immolation {unknown}
 t - a scroll of enchant armour {unknown}
 u - a scroll of butterflies {unknown}
 y - a scroll of noise {unknown}
 z - a scroll of fog {unknown}
 B - a scroll of vulnerability {unknown}
 D - a scroll of torment {unknown}
Potions
 b - 2 potions of lignification
 f - 3 potions of heal wounds {unknown}
 j - 2 potions of attraction {unknown}
 k - a potion of resistance {unknown}
 o - a potion of curing {unknown}
 q - a potion of mutation {unknown}


   Skills:
 * Level 1.9 Fighting
 + Level 0.5 Maces & Flails
 + Level 3.4 Dodging
 * Level 0.9 Stealth
 - Level 3.1 Unarmed Combat
 + Level 4.5 Shapeshifting


You had 5 spell levels left.
You didn't know any spells.
Your spell library contained the following spells:

 Spells                   Type           Power      Damage    Failure   Level
 Sting                    Conj/Alch      0%         1d3       45%         1
 Cigotuvi's Dreadful Rot  Necr/Alch/Air  0%         N/A       58%         2
 Mercury Vapours          Alch/Air       0%         N/A       58%         2
 Dispel Undead            Necr           0%         3d6       99%         4
 Ignite Poison            Fire/Alch      0%         N/A       99%         4
 Martyr's Knell           Necr/Summ      0%         N/A       99%         4
 Olgreb's Toxic Radiance  Alch           0%         N/A       99%         4
 Freezing Cloud           Conj/Ice/Air   0%         6-21      100%        5
 Death Channel            Necr           0%         N/A       100%        6


Dungeon Overview and Level Annotations

Branches:
Dungeon (5/15)             Temple (1/1) D:4

Altars:
Ashenzari
Cheibriados
Dithmenos
Elyvilon
Fedhas
Hepliaklqana
Kikubaaqudgha
Nemelex Xobeh
Okawaru
Ru
Sif Muna
Trog
Uskayaw
Vehumet
Wu Jian
Xom
Yredelemnul
Zin

Annotations:
D:3 1 runed translucent door, Crazy Yiuf


Innate Abilities, Weirdness & Mutations

You are a hulking beast.
Your limbs bulge with bestial killing power. (Slay +2)
You are too large for most types of armour.
You have claws for hands.
Your natural rate of healing is unusually fast.
You are covered in fur. (AC +1)
You have tough skin. (AC +1)


Message History

The adder poisons you!
You feel sick. The adder bites you but does no damage.
You feel sick. The adder bites your ogre.
Your ogre is poisoned.
The adder poisons your ogre!
You feel sick. The adder bites your ogre.
The adder bites your ogre but does no damage.
You feel sick.
You are no longer poisoned.
The adder bites your ogre.
Your ogre looks as sick as possible!
The adder poisons your ogre! The adder bites your ogre.
The adder bites your ogre.
Your ogre looks as sick as possible!
The adder poisons your ogre! The adder bites your ogre.
The adder bites your ogre.
Your ogre looks as sick as possible!
The adder poisons your ogre!
Your ogre barely misses the adder.
The adder barely misses your ogre.
Your ogre dies!
The adder closely misses you.
You barely miss the adder. The adder bites you.
A centaur opens the door. 2 orcs come into view.
You miss the adder.
The centaur shouts!
The orc shouts!
You hear a shout!
The adder bites you but does no damage.
The centaur shoots an arrow.
The arrow hits you.
You are electrocuted!
* * * LOW HITPOINT WARNING * * *
The adder bites you.
* * * LOW HITPOINT WARNING * * *
You are poisoned.
The adder poisons you!
An orc comes into view. It is wielding a +0 hand axe.
An orc priest comes into view. It is wielding a +0 club.
You feel sick. The adder bites you but does no damage.
The centaur shoots an arrow.
The arrow hits you.
* * * LOW HITPOINT WARNING * * *
You are electrocuted!
You die...

#........ #.......
+###..?.... ..........
........$#+#######+#######
.........#.........#.....#
......[..#.........#.....#
#....#........ #.....#
#...Sh........ #.....#
#....#...##.. #.....#
#...)#...# #.....#
#.....#...#######.....#
..c.....#.........#.....#
oo#.....#.........#.....#
. #.....#......†..'.....#
#.....#....<....#.....#
o.....#.........#.....#


You could see a centaur, an adder and an orc.

Vanquished Creatures
  A sleepcap (D:4)
  Ijyb (D:3)
  2 iguanas
  8 gnolls
  2 adders
  A white imp (D:5)
  3 ribbon worms
  6 orcs
  6 endoplasms
  4 giant cockroaches
  11 goblins
  18 hobgoblins
  10 kobolds
  5 quokkas
  3 ball pythons
  7 bats
  6 frilled lizards
  2 rats
96 creatures vanquished.

Vanquished Creatures (others)
  An ogre (D:5)
1 creature vanquished.

Grand Total: 97 creatures vanquished

Notes
Turn   | Place    | Note
-------+----------+-------------------------------------------
     0 | D:1      | dialectric the Troll Shapeshifter began the quest for the
                  | Orb.
     0 | D:1      | Reached XP level 1. HP: 18/18 MP: 0/0
    64 | D:1      | Reached skill level 1 in Fighting
   176 | D:1      | Reached XP level 2. HP: 27/27 MP: 1/1
   922 | D:2      | Reached XP level 3. HP: 33/33 MP: 2/2
  1133 | D:2      | Reached XP level 4. HP: 36/41 MP: 3/3
  1147 | D:3      | Noticed Ijyb
  1175 | D:3      | Killed Ijyb
  1218 | D:3      | Reached skill level 4 in Shapeshifting
  1331 | D:3      | Found a runed translucent door.
  1332 | D:3      | Noticed Crazy Yiuf
  1622 | D:2      | Reached XP level 5. HP: 48/48 MP: 4/4
  2067 | D:4      | Found a radiant altar of Vehumet.
  2505 | D:4      | Reached XP level 6. HP: 44/57 MP: 5/5
  2588 | D:4      | Found a staircase to the Ecumenical Temple.
  2597 | Temple   | Entered the Ecumenical Temple
  2853 | D:5      | Entered Level 5 of the Dungeon
  2977 | D:5      | Shot with an arrow by a centaur

Illustrated notes

Levels and vault maps discovered:
D:1:      shiori_arrival_elements, layout_loops_corners,
          kennysheep_another_room, minmay_small_reverse_x
D:2:      layout_basic, minivault_23
D:3:      layout_rooms, makhleb_altar_promises_db, serial_shops,
          nicolae_shop_rolled_up, minmay_mini_jars, uniq_terence, uniq_ijyb,
          uniq_crazy_yiuf_cottage
D:4:      corexii_shantytown, layout_loops_cross, vehumet_altar_wand_db,
          minmay_temple_entry_stoned_glass
D:5:      layout_gridville, gammafunk_ghost_grave, feat_on_display, uniq_grinder
Temple:   sentei_temple_godly_chess

Skill      XL: |  1  2  3  4 |
---------------+-------------+-----
Fighting       | 1 |  1.9
Dodging        | 2 3 |  3.4
Shapeshifting  | 4 |  4.5
Maces & Flails | |  0.5
Stealth        | |  0.9
Unarmed Combat | |  3.1

Action                     |  1- 3 |  4- 6 || total
---------------------------+-------+-------++-------
  Melee: Unarmed           |    55 |   141 ||   196
         Mace              |       |    29 ||    29
  Evoke: Wand              |       |     1 ||     1
   Stab: Sleeping          |       |     3 ||     3
 Armour: Animal skin       |    25 |   106 ||   131
  Dodge: Dodged            |    27 |    77 ||   104
